 Dungeon Crawl Stone Soup version 0.29.1-15-g9cfb28693d (webtiles) character file.

Game seed: 2096984288878776253

22 vishdafish the Conjurer (level 2, 0/19 HPs)
             Began as a Demonspawn Conjurer on Mar 29, 2023.
             Slain by a worm (10 damage)
             ... on level 2 of the Dungeon.
             The game lasted 00:00:51 (1245 turns).

vishdafish the Conjurer (Demonspawn Conjurer)       Turns: 1245, Time: 00:00:51

Health: 0/19       AC:  2    Str:  7    XL:     2   Next: 68%
Magic:  5/5        EV: 12    Int: 19    God:
Gold:   40         SH:  0    Dex: 11    Spells: 5/6 levels left

rFire   . . .      SeeInvis .   h - +3 short sword (venom)
rCold   . . .      Faith    .   (no shield)
rNeg    . . .      Spirit   .   a - +0 robe
rPois   .          Reflect  .   (helmet restricted)
rElec   .          Harm     .   (no cloak)
rCorr   .          Rampage  .   (no gloves)
Will    .....                   (no boots)
Stlth   ++........              (no amulet)
HPRegen 0.06/turn               (no ring)
MPRegen 0.09/turn               (no ring)

@: no status effects
A: horns 1
a: no special abilities


You were on level 2 of the Dungeon.
You visited 1 branch of the dungeon, and saw 2 of its levels.

You collected 40 gold pieces.

Inventory:

Hand Weapons
 d - a +0 dagger
 e - a +0 long sword
 h - a +3 short sword of venom (weapon)
Armour
 a - a +0 robe (worn)
Jewellery
 i - a ring of positive energy
Scrolls
 c - 3 scrolls of identify {unknown}
 g - a scroll of teleportation {unknown}
Potions
 b - a potion of magic
 f - a potion of heal wounds {unknown}
 j - a potion of invisibility {unknown}


   Skills:
 - Level 1.8 Dodging
 - Level 1.8 Stealth
 + Level 2.5 Spellcasting
 + Level 4.4 Conjurations


You had 5 spell levels left.
You knew the following spells:

 Your Spells              Type           Power      Damage    Failure   Level
a - Magic Dart            Conj           76%        1d6       2%          1

Your spell library contained the following spells:

 Spells                   Type           Power      Damage    Failure   Level
 Searing Ray              Conj           38%        2d5       4%          2
 Dazzling Flash           Conj/Hex       20%        N/A       19%         3
 Fulminant Prism          Conj/Hex       5%         3d7       54%         4
 Iskenderun's Mystic Bla  Conj/Tloc      10%        2d4       54%         4


Dungeon Overview and Level Annotations

Branches:
Dungeon (2/15)

Altars:


Innate Abilities, Weirdness & Mutations

You have a pair of small horns on your head.


Message History

A hobgoblin is nearby!
A hobgoblin is nearby!
Found a stone staircase leading down.
The hobgoblin shouts!
You barely miss the hobgoblin. The hobgoblin hits you.
You hit the hobgoblin but do no damage.
The hobgoblin is poisoned.
The hobgoblin closely misses you.
You hit the hobgoblin.
You kill the hobgoblin!
An endoplasm comes into view.
An endoplasm is nearby!
An endoplasm is nearby!
You see here a hobgoblin corpse.
The endoplasm quivers.
You hit the endoplasm.
You kill the endoplasm!
No target in view!
No target in view!
HP restored.
You see here a hobgoblin corpse.
j - a grey potion A dart slug comes into view.
A bat comes into view.
A worm comes into view.
The helpless dart slug fails to defend itself.
You hit the dart slug.
The dart slug is poisoned.
The dart slug is lightly wounded.
You barely miss the dart slug.
The dart slug is severely wounded.
You kill the dart slug!
The bat hits you. The bat hits you but does no damage.
Found a clear potion.
Found a stone staircase leading down.
The bat hits you but does no damage.
A jackal comes into view.
The bat barely misses you. The worm bites you!
You barely miss the worm. Your headbutt misses the worm.
The bat closely misses you. The bat barely misses you. The worm bites you!
Ouch! That really hurt!
You die...

#.## ##>.# .# #..
##.###.#.##..#
##...###.#........#
..............###.#
........###........
........###...#####
##...#...........#
.....#.###.#..##.#
#... #. #@#..# #
#.# #? #.bw..# ..
#.....>.##
#.........
#.......###
#.......# #......!#
#...h...#


You could see a worm, a jackal (asleep) and a bat.

Vanquished Creatures
  A dart slug (D:2)
  A ball python (D:1)
  5 endoplasms
  A goblin (D:1)
  3 hobgoblins
  A quokka (D:1)
  2 frilled lizards (D:1)
  4 kobolds (D:1)
18 creatures vanquished.

Notes
Turn   | Place    | Note
-------+----------+-------------------------------------------
     0 | D:1      | vishdafish the Demonspawn Conjurer began the quest for the
                  | Orb.
     0 | D:1      | Reached XP level 1. HP: 13/13 MP: 3/3
   499 | D:1      | Gained mutation: You have a pair of small horns on your
                  | head. [demonic ancestry]
   499 | D:1      | Reached XP level 2. HP: 19/19 MP: 3/5
   934 | D:1      | Found a faded altar of an unknown god.
  1245 | D:2      | Slain by a worm

Illustrated notes

Levels and vault maps discovered:
D:1:      minmay_arrival_loop, layout_basic,
          shapermc_ecumenical_altar_hornbeckon
D:2:      layout_loops_cross

Action                   || total
-------------------------++-------
Melee: Short sword       ||    12
 Cast: Magic Dart        ||    14
 Stab: Sleeping          ||     1
Armor: Robe              ||     2
Dodge: Dodged            ||     7
